Map: Синее смещение РВ

Players

Murena

  • Race: Terran Terran
  • League: Gold
  • Spawn Location: 7:00

ИИ 1 (эксперт) - Winner!

  • Race: Zerg Zerg
  • Spawn Location: 1:00

VOD

Have the link to the VOD?

Description

Time

  • Played on: Nov. 8, 2018, 8:37 p.m.
  • Length: 6:06
Show
View Real Time Build Order
Export as new Build Order

Murena Terran 

Build Orders: 1/1/1 

Get SALT Encoding   

  12  0:00  SCV  
  13  0:14  Supply Depot  
  13  0:17  SCV  
  14  0:25  Refinery  
  15  0:37  Barracks  
  15  0:41  SCV  
  15  0:53  SCV  
  16  1:08  SCV  
  17  1:12  Supply Depot  
  17  1:20  SCV  
  18  1:26  Marine, Factory  
  20  1:32  SCV  
  20  1:45  Orbital Command  
  20  1:47  Barracks Reactor  
  20  2:01  Refinery  
  20  2:09  Hellion  
  20  2:13  SCV  
  23  2:20  Engineering Bay  
  23  2:23  Marine  
  23  2:24  Marine  
  23  2:29  SCV, Starport  
  26  2:33  Factory Reactor  
  26  2:42  Marine  
  26  2:43  Bunker  
  26  2:44  SCV  
  28  2:48  Marine  
  29  2:56  SCV  
  30  3:01  Supply Depot  
  30  3:02  Reaper  
  31  3:07  Starport Reactor  
  31  3:17  Hellion  
  31  3:18  Widow Mine  
  35  3:21  Marine  
  35  3:23  SCV  
  35  3:24  Terran Infantry Weapons Level 1  
  37  3:31  Missile Turret  
  37  3:35  Reaper  
  37  3:38  SCV  
  39  3:51  Hellion  
  39  3:52  Medivac  
  43  3:57  Hellion  
  45  4:04  Supply Depot  
  45  4:06  Marine  
  46  4:12  SCV  
  47  4:24  Supply Depot  
  47  4:26  Medivac  
  47  4:52  Command Center  
  47  4:54  SCV  
  47  4:58  Cyclone  
  51  5:12  Reaper, Cyclone  
  47  5:30  Cyclone  
  47  5:32  Marine  
  47  5:44  Marine  
  47  5:45  Widow Mine  
Show
View Real Time Build Order
Export as new Build Order

ИИ 1 (эксперт) Zerg - Winner!

Build Orders: Hatch First 

Get SALT Encoding   

  12  0:00  Drone  
  13  0:12  Overlord  
  13  0:16  Drone  
  14  0:31  Drone x2  
  14  0:34  Drone  
  17  0:54  Hatchery  
  17  0:56  Drone  
  17  1:12  Spawning Pool  
  17  1:14  Extractor  
  17  1:15  Drone  
  16  1:19  Drone  
  16  1:22  Drone  
  18  1:28  Drone  
  19  1:38  Overlord  
  19  1:49  Drone  
  20  1:59  Queen  
  20  2:00  Zergling x2  
  23  2:06  Drone  
  24  2:12  Queen  
  26  2:17  Drone  
  27  2:28  Roach Warren  
  26  2:30  Drone  
  26  2:33  Extractor  
  26  2:36  Drone  
  27  2:41  Overlord  
  27  2:46  Drone  
  27  2:48  Drone  
  29  2:52  Drone  
  29  2:55  Drone  
  29  2:58  Drone  
  32  3:03  Zergling x2  
  32  3:04  Zergling x2  
  34  3:09  Roach  
  36  3:13  Roach  
  36  3:17  Roach  
  40  3:21  Roach  
  40  3:23  Drone  
  40  3:26  Drone  
  44  3:32  Overlord  
  44  3:39  Lair  
  44  3:43  Metabolic Boost  
  44  3:50  Drone x2  
  44  3:53  Drone  
  44  3:55  Drone  
  48  3:57  Drone  
  48  4:00  Drone  
  48  4:02  Drone  
  51  4:06  Overlord  
  51  4:09  Drone  
  52  4:13  Evolution Chamber  
  52  4:14  Drone  
  52  4:18  Evolution Chamber  
  52  4:19  Drone  
  52  4:24  Drone x2  
  52  4:29  Drone  
  52  4:30  Drone  
  56  4:33  Drone  
  56  4:35  Drone  
  58  4:40  Drone, Infestation Pit  
  58  4:44  Zergling x2  
  58  4:45  Zergling x2  
  58  4:52  Overlord  
  58  4:55  Overlord  
  58  4:57  Drone  
  59  5:08  Extractor  
  59  5:09  Drone x2  
  59  5:10  Drone, Hydralisk Den, Zergling x2  
  59  5:12  Zergling x2  
  59  5:13  Drone  
  58  5:16  Roach  
  58  5:17  Drone  
  58  5:20  Roach  
  57  5:22  Roach  
  57  5:26  Roach  
  63  5:28  Roach  
  63  5:31  Roach, Drone  
  63  5:35  Drone  
  61  5:37  Drone  
  61  5:40  Drone  
  53  5:45  Drone  
Tags
 
Add a new tag
Caveats
  • Supply blocks, unpowered buildings, or Contaminate may cause inaccurate times.
  • Supply counts are checked every 10 seconds.